 Dungeon Crawl Stone Soup version 0.24.0-125-gc4c63601f3 (webtiles) character file.

Game seed: 6637805806487597497, levelgen mode: deterministic

1989 Divind the Carver (level 9, -12/69 HPs)
             Began as a Formicid Chaos Knight on Feb 29, 2020.
             Was a Plaything of Xom.
             Mangled by a two-headed ogre
             ... wielding a +0 giant club
              (19 damage)
             ... on level 8 of the Dungeon.
             The game lasted 00:16:08 (4932 turns).

Divind the Carver (Formicid Chaos Knight)           Turns: 4932, Time: 00:16:09

Health: -12/69     AC: 13    Str: 20    XL:     9   Next: 44%
Magic:  9/9        EV: 14    Int: 12    God:    Xom [..*...]
Gold:   585        SH:  0    Dex: 17    Spells: 8/8 levels left

rFire    . . .     SeeInvis +   u - +0 great sword
rCold    . . .     Gourm    .   (no shield)
rNeg     . . .     Faith    .   h - +0 chain mail
rPois    .         Spirit   .   (helmet unavailable)
rElec    .         Reflect  .   (no cloak)
rCorr    .         Harm     .   m - +0 pair of gloves
MR       +....     Clarity  +   (no boots)
Stlth    +.........             (no amulet)
HPRegen  0.21/turn              t - ring of protection from magic
MPRegen  0.11/turn              (no ring)

@: agile
A: permanent stasis, dig shafts and tunnels, four strong arms, antennae 3, fangs
1, icy blue scales 1, camouflage 1, agile 1, clarity, evolution 2
a: Dig, Shaft Self, Renounce Religion


You were on level 8 of the Dungeon.
You worshipped Xom.
You were a toy of Xom.
You were not hungry.

You visited 1 branch of the dungeon, and saw 6 of its levels.
You also visited: Sewer.

You collected 585 gold pieces.

Inventory:

Hand Weapons
 a - a +1 falchion of chaos
 n - a +0 long sword
 u - a +0 great sword (weapon)
Armour
 b - a +2 leather armour
 f - a +0 ring mail
 h - a +0 chain mail (worn)
 m - a +0 pair of gloves (worn)
 q - a +0 helmet
Jewellery
 t - a ring of protection from magic (left hand)
Scrolls
 e - a scroll of remove curse
 i - 3 scrolls of fear
 p - 3 scrolls of teleportation
 s - a scroll of identify
Potions
 d - a potion of agility
 g - a potion of berserk rage
 j - a potion of magic
 k - a potion of flight
 l - a potion of lignification
 o - 2 potions of curing {unknown}
 r - a potion of degeneration
Comestibles
 c - 6 rations


   Skills:
 + Level 6.2 Fighting
 + Level 8.4 Long Blades
 + Level 7.3 Armour
 + Level 2.6 Dodging
 + Level 2.3 Stealth


You had 8 spell levels left.
You didn't know any spells.
Your spell library was empty.

Dungeon Overview and Level Annotations

Branches:
Dungeon (5/15)              Sewer (visited)
 Temple: D:4-7

Altars:
Ashenzari
Nemelex Xobeh
Xom
Yredelemnul

Annotations:
Abyss:1 Robin


Innate Abilities, Weirdness & Mutations

You cannot be hasted, slowed, berserked, paralysed or teleported.
You can dig through walls and to a lower floor.
Your four strong arms can wield two-handed weapons with a shield.
You have a pair of large antennae on your head. (SInv)
You have very sharp teeth.
You are partially covered in icy blue scales. (AC +2)
Your skin changes colour to match your surroundings (Stealth+).
You are agile. (Dex +2)
You possess an exceptional clarity of mind.
You rapidly evolve.


Message History

The two-headed ogre is lightly wounded.
The two-headed ogre hits you with a cursed -2 giant club.
You hit the two-headed ogre.
The two-headed ogre is lightly wounded.
The two-headed ogre hits you but does no damage.
The two-headed ogre barely misses you.
You slash the two-headed ogre! Your bite misses the two-headed ogre.
The two-headed ogre is moderately wounded.
The two-headed ogre hits you with a +0 giant club!
* * * LOW HITPOINT WARNING * * *
The two-headed ogre hits you with a cursed -2 giant club!
* * * LOW HITPOINT WARNING * * *
You feel agile all of a sudden. The two-headed ogre barely misses you.
The two-headed ogre hits you but does no damage.
You hit the two-headed ogre but do no damage.
The two-headed ogre is moderately wounded.
The two-headed ogre hits you with a +0 giant club!!
You die...
Xom bursts into laughter!

* * * *, #### ###* ,
...# ,...,,* ,.#.###
* #.#####..... {
####(..#...#.####
≈......#%........ *
**#.@O....#* *
###.#######
*♣###.........# *
♣.........##.#
≈≈P###.#.##.##.# .
♣......##.##.#* ...
≈#.##.#.##)##.##.....
*#, #.#.._).)........
#.#...)##.##.....


You could see a two-headed ogre.

Vanquished Creatures
  The ghost of Curus the Spear-Bearer, an amateur MfGl of Okawaru (D:4)
  Eustachio (D:4)
  An orc warrior (D:8)
  An ogre (D:4)
  8 big kobolds (Sewer)
  A bullfrog (D:3)
  A wyvern skeleton (D:8)
  A scorpion (D:4)
  A howler monkey (D:4)
  A centaur zombie (D:4)
  2 bullfrog skeletons (D:4)
  2 orc priests
  2 hounds
  4 orc wizards
  3 worker ants
  An iguana (D:4)
  A hound skeleton (D:4)
  8 adders
  A river rat (D:3)
  6 oozes
  2 adder skeletons
  5 worms
  2 dart slugs
  4 leopard geckos
  12 orcs
  6 ball pythons
  11 bats
  8 giant cockroaches
  16 goblins
  14 hobgoblins
  2 jackals (D:2)
  2 quokkas (D:4)
  6 frilled lizards
  A giant cockroach zombie (D:4)
  9 kobolds
  A leopard gecko skeleton (D:4)
  A quokka skeleton (D:4)
  16 rats
165 creatures vanquished.

Vanquished Creatures (collateral kills)
  Jessica (D:2)
  An orc (D:3)
  A hobgoblin (D:2)
3 creatures vanquished.

Vanquished Creatures (others)
  2 orc wizards (D:5)
  A worker ant (D:5)
  2 orcs (D:5)
  3 jackals (D:5)
8 creatures vanquished.

Grand Total: 176 creatures vanquished

Notes
Turn   | Place    | Note
-------+----------+-------------------------------------------
     0 | D:1      | Divind the Formicid Chaos Knight began the quest for the
                  | Orb.
     0 | D:1      | Reached XP level 1. HP: 18/18 MP: 1/1
   110 | D:1      | XOM: harmless Air miscast
   167 | D:1      | Reached XP level 2. HP: 22/24 MP: 2/2
   245 | D:1      | Reached XP level 3. HP: 10/30 MP: 3/3
   322 | D:1      | XOM: silly message
   663 | D:1      | XOM: silly message
   864 | D:1      | XOM: harmless Tloc miscast
   981 | D:1      | You fall into a shaft and drop 1 floor!
   991 | D:2      | Reached skill level 1 in Dodging
  1031 | D:2      | Reached XP level 4. HP: 37/37 MP: 4/4
  1147 | D:2      | Noticed Jessica
  1150 | D:2      | XOM: summons 2 friendly demons
  1153 | D:2      | Killed Jessica
  1153 | D:2      | Reached skill level 4 in Long Blades
  1265 | D:2      | Noticed Robin
  1280 | D:2      | Banished Robin
  1283 | D:2      | Reached XP level 5. HP: 17/42 MP: 5/5
  1297 | D:2      | HP: 2/42 [goblin[Robin] (2)]
  1428 | D:2      | XOM: scenery: create altars
  1864 | D:3      | Found a shattered altar of Ashenzari.
  2056 | D:3      | XOM: medium Tmut miscast
  2165 | D:3      | Noticed a bullfrog
  2169 | D:3      | XOM: chaos cloud
  2171 | D:3      | Killed a bullfrog
  2171 | D:3      | Reached skill level 1 in Stealth
  2171 | D:3      | Reached XP level 6. HP: 43/48 MP: 6/6
  2201 | D:3      | XOM: give mutations
  2201 | D:3      | Gained mutation: You expend magic power (3 MP) to
                  | strengthen your wands. [Xom's grace]
  2201 | D:3      | Gained mutation: You evolve. [Xom's grace]
  2244 | D:3      | Found a glowing drain.
  2245 | D:3      | XOM: scenery: create altars
  2249 | D:3      | XOM: cleaving
  2272 | Sewer    | Entered a sewer
  2303 | Sewer    | XOM: confuse monster(s)
  2312 | Sewer    | Reached skill level 5 in Long Blades
  2345 | Sewer    | XOM: confusion
  2358 | Sewer    | Reached XP level 7. HP: 45/55 MP: 7/7
  2561 | Sewer    | XOM: fog
  2590 | Sewer    | XOM: harmless Tmut miscast
  2727 | Sewer    | Reached skill level 6 in Long Blades
  2836 | Sewer    | Reached skill level 5 in Fighting
  2836 | Sewer    | Reached skill level 5 in Armour
  2836 | Sewer    | Reached XP level 8. HP: 60/62 MP: 8/8
  2858 | Sewer    | XOM: summons friendly quasit
  3344 | D:4      | Found a basalt altar of Yredelemnul.
  3496 | D:4      | XOM: polymorph scorpion -> ooze
  3515 | D:4      | XOM: scenery: create altars
  3516 | D:4      | Noticed Eustachio
  3549 | D:4      | Killed Eustachio
  3549 | D:4      | Reached skill level 7 in Long Blades
  3774 | D:4      | Found a sparkling altar of Nemelex Xobeh.
  3814 | D:4      | Found a runed translucent gate.
  3814 | D:4      | Found a runed translucent gate.
  3814 | D:4      | Found a runed translucent gate.
  3818 | D:4      | Noticed Curus's ghost (amateur MfGl)
  3844 | D:4      | Killed Curus's ghost
  3844 | D:4      | Reached XP level 9. HP: 32/69 MP: 9/9
  4099 | D:4      | XOM: give mutation
  4099 | D:4      | Gained mutation: You possess an exceptional clarity of
                  | mind. [Xom's grace]
  4128 | D:4      | XOM: cast spell 'Statue Form'
  4152 | D:4      | Lost mutation: You expend magic power (3 MP) to strengthen
                  | your wands. [evolution]
  4158 | D:4      | Reached skill level 8 in Long Blades
  4161 | D:4      | XOM: cloud trail
  4384 | D:4      | XOM: give mutation
  4384 | D:4      | Gained mutation: Your skin changes colour to match your
                  | surroundings (Stealth+). [Xom's grace]
  4386 | D:4      | XOM: give mutations
  4386 | D:4      | Gained mutation: You are partially covered in icy blue
                  | scales. (AC +2) [Xom's grace]
  4386 | D:4      | Gained mutation: You have very sharp teeth. [Xom's grace]
  4386 | D:4      | Gained mutation: You are agile. (Dex +2) [Xom's grace]
  4386 | D:4      | Gained mutation: You rapidly evolve. [Xom's grace]
  4478 | D:5      | Entered Level 5 of the Dungeon
  4499 | D:5      | XOM: scenery: create altars
  4578 | D:5      | XOM: destruction
  4652 | D:5      | You fall into a shaft and drop 3 floors!
  4665 | D:8      | XOM: scenery: create altars
  4920 | D:8      | Noticed a two-headed ogre
  4920 | D:8      | XOM: harmless Ice miscast
  4922 | D:8      | XOM: divination: magic mapping
  4932 | D:8      | Mangled by a two-headed ogre

Levels and vault maps discovered:
D:1:      ncdulo_watergridlock, layout_loops_ring, minmay_misc_feat_four_crosses
D:2:      layout_basic, uniq_jessica, uniq_robin
D:3:      layout_basic, portal_sewer_entry_c, first_ration,
          minmay_misc_feat_diagonals, ashenzari_altar_1
D:4:      minmay_polygon_palace, layout_basic, kennysheep_little_box,
          kennysheep_mini_moat, gammafunk_ghost_necromancy, uniq_eustachio
D:5:      layout_rooms, lemuel_doored_altar, minmay_temple_entry_glassed_door,
          serial_bayou_pond_b
D:8:      layout_loops_ring, serial_bayou, serial_bayou_pond_b,
          serial_bayou_pond_e, serial_bayou_lake_a, serial_bayou_ford_a,
          biasface_ghost_orc_armoury, uniq_harold, uniq_maurice

Skill      XL: |  1  2  3  4  5  6  7  8  9 |
---------------+----------------------------+-----
Dodging        | 1 2 |  2.6
Long Blades    | 4 5 6 7 8 |  8.4
Fighting       | 4 5 6 |  6.2
Armour         | 3 4 5 6 7 |  7.3
Stealth        | 1 2 |  2.3

Action                   |  1- 3 |  4- 6 |  7- 9 || total
-------------------------+-------+-------+-------++-------
Melee: Falchion          |    89 |   221 |   197 ||   507
       Great sword       |       |       |   125 ||   125
       Bite              |       |       |     9 ||     9
  Use: Scroll            |       |     8 |     5 ||    13
       Potion            |       |     1 |     6 ||     7
 Stab: Petrifying        |     1 |       |       ||     1
       Paralysed         |       |     1 |       ||     1
       Confused          |       |     2 |       ||     2
  Eat: Chunk             |       |     3 |     1 ||     4
       Ration            |       |     1 |     3 ||     4
Armor: Leather armour    |    54 |       |       ||    54
       Chain mail        |     7 |   147 |   204 ||   358
       Ring mail         |     5 |       |       ||     5
       Skin              |       |       |    46 ||    46
Dodge: Dodged            |    65 |    85 |   163 ||   313
       Rpst.: Falchion   |    16 |    26 |    17 ||    59
       Great sword       |       |       |    29 ||    29
